 Dungeon Crawl Stone Soup version 0.21.1-1-g345015f (webtiles) character file.

4069 kae the Martial Artist (level 10, -17/76 HPs)
             Began as a Demonspawn Transmuter on June 14, 2018.
             Was a Believer of Makhleb.
             Demolished by a two-headed ogre
             ... wielding a +0 giant spiked club
              (20 damage)
             ... while paralysed by a hornet
             ... on level 9 of the Dungeon.
             The game lasted 00:12:06 (10557 turns).

kae the Martial Artist (Demonspawn Transmuter)     Turns: 10557, Time: 00:12:07

Health: -17/76     AC:  2    Str: 15    XL:     10   Next: 5%
Magic:  0/18       EV:  5    Int: 15    God:    Makhleb [**....]
Gold:   474        SH:  0    Dex: 22    Spells: 14/20 levels left

rFire    . . .     SeeInvis .     - Unarmed
rCold    . . .     Gourm    .   (shield currently unavailable)
rNeg     . . .     Faith    .   (armour currently unavailable)
rPois    x         Spirit   +   (helmet currently unavailable)
rElec    .         Reflect  .   (cloak currently unavailable)
rCorr    .         Harm     .   (gloves currently unavailable)
MR       +....                  (boots currently unavailable)
Stlth    +++.......             m - amulet of guardian spirit
HPRegen  0.22/turn              p - ring of protection from magic
MPRegen  0.16/turn              r - ring of stealth

@: paralysed, mighty, lethally poisoned (-17 -> -47), spider-form, slowed
A: tiny, powered by death 1, freezing cloud immunity
a: End Transformation, Minor Destruction, Renounce Religion


You were on level 9 of the Dungeon.
You worshipped Makhleb.
Makhleb was pleased with you.
You were hungry.
You were a venomous arachnid creature.
You visited 2 branches of the dungeon, and saw 10 of its levels.

You collected 474 gold pieces.

Inventory:

Missiles
 a - 306 arrows
Armour
 b - a +0 robe (melded)
 l - a +1 cloak (melded)
 t - a +0 pair of boots (melded)
Jewellery
 m - an amulet of guardian spirit (around neck)
 p - a ring of protection from magic (left front leg)
 r - a ring of stealth (right front leg)
 s - an uncursed ring of resist corrosion
Wands
 w - a wand of random effects (20)
 y - a wand of disintegration (12)
 E - a wand of acid (7)
 F - a wand of digging (4)
Scrolls
 i - 6 scrolls of remove curse
 n - 4 scrolls of blinking
 u - a scroll of enchant weapon
 z - 2 scrolls of identify
 A - a scroll of teleportation
 C - a scroll of fear
 D - a scroll of amnesia
Potions
 e - 3 potions of curing
 f - a potion of berserk rage
 g - a potion of might
 h - a potion of flight
 j - a potion of heal wounds
 k - 2 potions of lignification
 o - 4 potions of haste
 q - 3 potions of brilliance
 v - a potion of magic
 B - a potion of resistance
Books
 c - a book of Changes

   Spells                             Type                      Level
   a - Beastly Appendage              Transmutation                1
   b - Sticks to Snakes               Transmutation                2
   c - Spider Form                    Transmutation/Poison         3
   d - Ice Form                       Ice/Transmutation            4
   e - Blade Hands                    Transmutation                5
Comestibles
 d - 9 rations


   Skills:
 + Level 5.8 Fighting
 + Level 5.5 Dodging
 * Level 8.3 Unarmed Combat
 + Level 5.7 Spellcasting
 + Level 5.7 Transmutations
 + Level 0.6 Invocations


You had 14 spell levels left.
You knew the following spells:

 Your Spells              Type           Power        Failure   Level  Hunger
a - Beastly Appendage     Tmut           ###...       6%          1    None
b - Sticks to Snakes      Tmut           ###.....     9%          2    #......
c - Spider Form           Tmut/Pois      ##........   32%         3    ###....


Dungeon Overview and Level Annotations

Branches:
Dungeon (9/15)             Temple (1/1) D:4
   Lair: D:8-11         Orc: D:9-12

Altars:
Ashenzari
Cheibriados
Dithmenos
Elyvilon
Fedhas
Gozag
Hepliaklqana
Kikubaaqudgha
Makhleb
Nemelex Xobeh
Okawaru
Qazlal
Ru
Sif Muna
Trog
Uskayaw
Vehumet
Wu Jian
Xom
Yredelemnul
Zin
The Shining One

Annotations:
D:5 Ramesses's ghost, novice HuFi


Innate Abilities, Weirdness & Mutations

((You have a pair of antennae on your head.))
((Your flesh is cold resistant. (rC+)))
You regenerate a little health from kills.
You are immune to freezing clouds.


Message History

The two-headed ogre is lightly wounded.
You feel sick. The hornet misses you. The two-headed ogre misses you. x2
You bite the two-headed ogre!
The two-headed ogre is moderately wounded.
You feel sick. The hornet closely misses you.
The two-headed ogre completely misses you.
The two-headed ogre misses you.
You hit the two-headed ogre.
The two-headed ogre is poisoned.
The two-headed ogre is moderately wounded.
You feel sick. The hornet completely misses you. The hornet stings you!
* * * LOW HITPOINT WARNING * * *
You are more poisoned.
You suddenly lose the ability to move!
* * * LOW HITPOINT WARNING * * *
You feel very sick. The hornet stings you.
* * * LOW HITPOINT WARNING * * *
You feel yourself slow down.
The two-headed ogre hits you with a giant spiked club!!
You die...

#.# #.# #.# #.# #.#
##.####### # #
#........# {{.##
####...####.######yo.###
'.........(....Osy{g....
####....###.######yg.###
# #..#.# #.# {.## #.##.#
#.# # #.##.###.#
#........# ####.#####
#.# #.#


You could see a two-headed ogre, 3 hornets, 2 gnolls and an orc.

Vanquished Creatures
  Joseph (D:8)
  Psyche (D:8)
  A hungry ghost (D:8)
  A water moccasin (D:9)
  3 orc warriors
  3 sky beasts
  7 centaurs
  4 ogres
  4 bullfrogs
  A howler monkey (D:4)
  3 crimson imps
  A bullfrog zombie (D:6)
  A jelly (D:6)
  3 hounds
  A quasit (D:5)
  A centaur zombie (D:6)
  9 orc priests
  2 centaur skeletons
  11 orc wizards
  5 iguanas
  Terence (D:3)
  Natasha (D:3)
  4 worker ants
  A hound zombie (D:8)
  A hound skeleton (D:4)
  Robin (D:3)
  3 gnolls (D:3)
  9 adders
  2 shadow imps
  3 adder skeletons
  2 worms
  2 dart slugs
  3 leopard geckos
  26 orcs
  4 bats
  11 giant cockroaches
  13 goblins
  3 hobgoblins
  7 quokkas
  2 ball pythons
  3 frilled lizards
  10 kobolds
  5 rats
180 creatures vanquished.

Notes
Turn   | Place    | Note
-------+----------+-------------------------------------------
     0 | D:1      | kae the Demonspawn Transmuter began the quest for the Orb.
     0 | D:1      | Reached XP level 1. HP: 15/15 MP: 3/3
   590 | D:1      | Gained mutation: Your flesh is cold resistant. (rC+) [demonic ancestry]
   590 | D:1      | Reached XP level 2. HP: 21/21 MP: 3/5
   669 | D:1      | Reached skill level 3 in Unarmed Combat
  1301 | D:1      | Learned a level 2 spell: Sticks to Snakes
  1467 | D:2      | Reached XP level 3. HP: 23/26 MP: 6/6
  1472 | D:2      | Learned a level 3 spell: Spider Form
  1629 | D:2      | Found a faded altar of an unknown god.
  2704 | D:3      | Found a stormy altar of Qazlal.
  2910 | D:3      | Gained mutation: You have a pair of small antennae on your head. [demonic ancestry]
  2910 | D:3      | Reached XP level 4. HP: 25/33 MP: 3/7
  3112 | D:3      | Noticed Robin
  3140 | D:3      | Killed Robin
  3252 | D:3      | Noticed Terence
  3260 | D:3      | Killed Terence
  3260 | D:3      | Gained mutation: You regenerate a little health from kills. [demonic ancestry]
  3260 | D:3      | Reached XP level 5. HP: 38/38 MP: 4/8
  3357 | D:3      | Noticed Natasha
  3370 | D:3      | Killed Natasha
  3370 | D:3      | Reached skill level 4 in Unarmed Combat
  3893 | D:4      | Found a shadowy altar of Dithmenos.
  4075 | D:4      | Reached XP level 6. HP: 21/45 MP: 4/10
  4577 | D:4      | Found a staircase to the Ecumenical Temple.
  4626 | Temple   | Entered the Ecumenical Temple
  4687 | Temple   | Became a worshipper of Makhleb the Destroyer
  4823 | D:4      | Found a radiant altar of Vehumet.
  4854 | D:4      | Found a hide-covered altar of Uskayaw.
  4896 | D:4      | Found a basalt altar of Yredelemnul.
  4909 | D:4      | Found a sacrificial altar of Ru.
  5038 | D:4      | Found a shimmering altar of Xom.
  5142 | D:5      | Entered Level 5 of the Dungeon
  5251 | D:5      | Noticed Ramesses's ghost (novice HuFi)
  5394 | D:5      | Noticed a sky beast
  5407 | D:5      | Killed a sky beast
  5407 | D:5      | Gained mutation: You are immune to freezing clouds. [demonic ancestry]
  5407 | D:5      | Reached XP level 7. HP: 42/52 MP: 7/12
  5468 | D:5      | Reached skill level 5 in Unarmed Combat
  5841 | D:5      | Found an opulent altar of Gozag.
  6067 | D:5      | Reached XP level 8. HP: 33/60 MP: 5/13
  6355 | D:5      | Found a white marble altar of Elyvilon.
  6655 | D:6      | Reached skill level 6 in Unarmed Combat
  7274 | D:6      | Reached * piety under Makhleb
  8327 | D:7      | Gained mutation: You have a pair of antennae on your head. [demonic ancestry]
  8327 | D:7      | Reached XP level 9. HP: 46/66 MP: 6/16
  8647 | D:7      | Reached skill level 7 in Unarmed Combat
  8854 | D:7      | Found a sparkling altar of Nemelex Xobeh.
  9147 | D:8      | Reached ** piety under Makhleb
  9147 | D:8      | Reached skill level 5 in Fighting
  9151 | D:8      | Reached skill level 5 in Spellcasting
  9181 | D:8      | Noticed Joseph
  9195 | D:8      | Reached skill level 5 in Transmutations
  9499 | D:8      | Noticed Psyche
  9623 | D:8      | Reached skill level 5 in Dodging
  9752 | D:8      | Killed Joseph
 10010 | D:8      | Killed Psyche
 10010 | D:8      | Reached skill level 8 in Unarmed Combat
 10482 | D:9      | Reached XP level 10. HP: 76/76 MP: 15/18
 10543 | D:9      | Paralysed by a hornet for 3 turns
 10549 | D:9      | Noticed a two-headed ogre
 10556 | D:9      | Paralysed by a hornet for 3 turns
 10557 | D:9      | HP: 3/76 [hornet (4)]
 10557 | D:9      | Demolished by a two-headed ogre

Skill      XL: |  1  2  3  4  5  6  7  8  9 |
---------------+----------------------------+-----
Unarmed Combat | 3 4 5 6 8 |  8.3
Transmutations | 2 3 4 5 |  5.7
Dodging        | 2 3 4 5 |  5.5
Fighting       | 2 3 4 5 |  5.8
Spellcasting   | 3 4 5 |  5.7
Invocations    | |  0.6

Action                   |  1- 3 |  4- 6 |  7- 9 | 10-12 || total
-------------------------+-------+-------+-------+-------++-------
Melee: Unarmed           |   148 |   256 |   378 |    29 ||   811
       Kick              |     7 |       |       |       ||     7
       Headbutt          |    13 |       |       |       ||    13
       Punch             |       |     2 |     3 |       ||     5
 Cast: Beastly Appendage |    24 |       |       |       ||    24
       Spider Form       |     1 |     8 |    37 |     2 ||    48
       Sticks to Snakes  |       |     5 |     1 |       ||     6
  Use: Scroll            |     9 |     5 |     9 |       ||    23
       Potion            |     1 |       |     1 |     1 ||     3
 Stab: Sleeping          |     1 |     1 |     4 |       ||     6
       Distracted        |       |     5 |       |       ||     5
  Eat: Chunk             |     3 |     9 |    19 |       ||    31
       Ration            |     1 |       |     1 |       ||     2
Armor: Robe              |    29 |    33 |    30 |     2 ||    94
       Skin              |       |     2 |    13 |       ||    15
Dodge: Dodged            |    88 |   164 |   295 |    31 ||   578
